 Dungeon Crawl Stone Soup version 0.23.2-1-ga50397a (webtiles) character file.

Game seed: 17061284190486048645

51 sankara the Ruffian (level 3, -1/29 HPs)
             Began as a Ghoul Warper on May 4, 2019.
             Slain by Grinder (2 damage)
             ... on level 2 of the Dungeon.
             The game lasted 00:17:53 (1611 turns).

sankara the Ruffian (Ghoul Warper)                  Turns: 1611, Time: 00:17:54

Health: -1/29      AC:  3    Str: 14    XL:     3   Next: 81%
Magic:  2/4        EV: 11    Int:  9    God:
Gold:   126        SH:  3    Dex:  8    Spells: 1/5 levels left

rFire    . . .     SeeInvis .     - Unarmed
rCold    + . .     Gourm    .   t - +0 buckler
rNeg     + + +     Faith    .   a - +0 leather armour
rPois    ∞         Spirit   .   (no helmet)
rElec    .         Reflect  .   (no cloak)
rCorr    .         Harm     .   (no gloves)
MR       .....                  (no boots)
Stlth    +.........             (no amulet)
HPRegen  0.00/turn              (no ring)
MPRegen  0.09/turn              (no ring)

@: very slightly contaminated, rotting
A: rotting body, claws 1, carnivore, cold resistance 1, negative energy
resistance 3, inhibited regeneration, torment resistance, unbreathing
a: no special abilities


You were on level 2 of the Dungeon.
You were not hungry.

You visited 1 branch of the dungeon, and saw 3 of its levels.

You collected 126 gold pieces.

Inventory:

Hand Weapons
 g - a +0 club
   (You took it off a hobgoblin on level 1 of the Dungeon)
 h - a cursed -3 dagger
   (You found it on level 1 of the Dungeon)
 l - a +0 whip
   (You took it off a kobold on level 1 of the Dungeon)
 m - a +0 flail
   (You found it on level 2 of the Dungeon)
 n - a +0 spear of flaming
   (You found it on level 1 of the Dungeon)
 p - a +0 short sword
   (You took it off a kobold on level 1 of the Dungeon)
 q - a +0 mace
   (You found it on level 1 of the Dungeon)
 s - a +0 club
   (You took it off a goblin on level 2 of the Dungeon)
Missiles
 d - 2 tomahawks of dispersal (quivered) {=f}
 e - 41 stones
Armour
 a - a +0 leather armour (worn)
 t - a +0 buckler (worn)
   (You found it on level 2 of the Dungeon)
Scrolls
 c - a scroll of blinking {!r}
 j - a scroll of immolation {unknown}
Potions
 b - a potion of curing {unknown}
 i - a potion of agility {unknown}
 k - a potion of lignification {unknown}
 o - a potion of haste {unknown}
Comestibles
 f - 7 rations
 r - a chunk of flesh {@w0}


   Skills:
 - Level 2.1 Fighting
 - Level 1.0 Throwing
 - Level 1.0 Armour
 - Level 2.0 Dodging
 + Level 1.5 Stealth
 + Level 0.4 Shields
 * Level 3.2 Unarmed Combat
 - Level 1.7 Spellcasting
 + Level 0.6 Charms
 + Level 2.9 Translocations


You had one spell level left.
You knew the following spells:

 Your Spells              Type           Power        Failure   Level  Hunger
a - Blink                 Tloc           N/A          30%         2    ###....
b - Shroud of Golubria    Chrm/Tloc      #.........   45%         2    ###....

Your spell library contained the following spells:

 Spells                   Type           Power        Failure   Level  Hunger
 Gell's Gravitas          Tloc           #.........   52%         3    ####...
 Lesser Beckoning         Tloc           #.........   52%         3    ####...
 Teleport Other           Tloc           #.......     52%         3    ####...
 Passage of Golubria      Tloc           N/A          90%         4    #####..


Dungeon Overview and Level Annotations

Branches:
Dungeon (3/15)

Altars:
Fedhas

Annotations:
D:2 Grinder


Innate Abilities, Weirdness & Mutations

Your body is rotting away.
You thrive on raw meat.
You are immune to poison.
You have sharp fingernails.
You are carnivorous and can eat meat at any time.
Your flesh is cold resistant. (rC+)
You are immune to negative energy. (rN+++)
You do not regenerate when monsters are visible.
You are immune to unholy pain and torment.
You can survive without breathing.


Message History

Partly explored, can't reach some items.
Partly explored, can't reach some items.
(D) Dungeon
Where to? (Enter - D:2, ? - help)
Okay, then.
(D) Dungeon
Where to? (Enter - D:2, ? - help)
You see here a robe.
There is a stone staircase leading down here.
You climb downwards.
Marking area around Grinder as unsafe for travelling.
A giant cockroach, a hobgoblin and Grinder come into view.
Found a ration and 8 stones.
Found a stone staircase leading up.
There is a stone staircase leading up here.
Press: ? - help, v - describe, . - travel
Here: Grinder The floor.
Unknown command.
Grinder closely misses you.
You climb upwards.
There is a stone staircase leading down here.
You aren't carrying any items that you can evoke.
Unknown command.
Okay, then.
Unknown command.
Cast which spell? (? or * to list) Space distorts slightly along a thin shroud covering your body.
Grinder barely misses you.
You scratch Grinder.
Grinder is lightly wounded.
Grinder closely misses you.
You scratch Grinder but do no damage.
Grinder is lightly wounded.
You scratch Grinder but do no damage.
Grinder is lightly wounded.
Grinder gestures at you.
You suddenly lose the ability to move!
Grinder says, "What is the universe for?"
Grinder hits you.
Your shroud begins to fray at the edges.
Grinder hits you! Grinder hits you.
Your shroud falls apart!
Grinder hits you.
You can move again.
Eat one of 5 chunks of flesh {@w0}? (ye/n/q)
You eat one of the 5 chunks of flesh {@w0}.
This raw flesh tastes great!
Grinder hits you!
Eat one of 4 chunks of flesh {@w0}? (ye/n/q)
You eat one of the 4 chunks of flesh {@w0}.
This raw flesh tastes great!
Grinder gestures at you.
You shrug off the repeated paralysis!
Casting: Shroud of Golubria (safe; 45% risk of failure)
Confirm with . or Enter, or press ? or * to list all spells.
You miscast Shroud of Golubria.
You are very lightly contaminated with residual magic.
The floor and the ceiling briefly switch places.
Grinder completely misses you.
Eat one of 3 chunks of flesh {@w0}? (ye/n/q)
You eat one of the 3 chunks of flesh {@w0}.
This raw flesh tastes great!
Grinder hits you!
* * * LOW HITPOINT WARNING * * *
Unknown command.
Quiver which item? (- for none, * to show all) (? for menu, Esc to quit)
Quivering
d - 5 tomahawks of dispersal {=f} for throwing.
Throwing (i - inventory. (/) - cycle)
d - 5 tomahawks of dispersal (quivered)
{=f}
Press: ? - help, Shift-Dir - straight line, f - Grinder
Aim: Grinder You throw a tomahawk of dispersal {=f}.
The tomahawk of dispersal {=f} hits Grinder.
Grinder blinks!
Eating one of 2 chunks of flesh {@w0}.
You eat one of the 2 chunks of flesh {@w0}.
This raw flesh tastes great!
Grinder blinks!
Grinder says, "Mostly I couldn't keep them alive."
Grinder gestures at you.
You suddenly lose the ability to move!
Grinder blinks!
Grinder hits you!
* * * LOW HITPOINT WARNING * * *
Grinder completely misses you. Grinder hits you.
* * * LOW HITPOINT WARNING * * *
Grinder blinks!
You can move again.
Throwing (i - inventory. (/) - cycle)
d - 4 tomahawks of dispersal (quivered)
{=f}
Press: ? - help, Shift-Dir - straight line, f/p - Grinder
Aim: Grinder You throw a tomahawk of dispersal {=f}.
The tomahawk of dispersal {=f} hits Grinder but does no damage.
Grinder barely misses you.
Throwing (i - inventory. (/) - cycle)
d - 3 tomahawks of dispersal (quivered)
{=f}
Press: ? - help, Shift-Dir - straight line, f/p - Grinder
Aim: Grinder You throw a tomahawk of dispersal {=f}.
The tomahawk of dispersal {=f} barely misses Grinder.
Grinder hits you.
You die...

..#..≈≈≈≈≈≈≈≈≈..#######.#
..#...≈≈≈≈≈≈≈...........#
..#.#...≈≈≈..........####
..#.##..............)#
..#.##.###...........#
..#.##.# #...........#
..#.##.# #...........#
..#.##.# #...........#
..#....# #....[.@5...#
..###### #...........###
### #.............#
#...........#.#
####..###.###.# ##.###.#
#.# #>....# #.# #######
#.# #.#


You could see Grinder.

Vanquished Creatures
  An adder (D:2)
  A worm (D:2)
  3 dart slugs
  A leopard gecko (D:1)
  3 giant cockroaches
  4 hobgoblins
  6 kobolds
  5 bats
  3 frilled lizards
  A goblin (D:2)
  6 rats
34 creatures vanquished.

Notes
Turn   | Place    | Note
-------+----------+-------------------------------------------
     0 | D:1      | sankara the Ghoul Warper began the quest for the Orb.
     0 | D:1      | Reached XP level 1. HP: 17/17 MP: 2/2
   178 | D:1      | Reached skill level 1 in Throwing
   178 | D:1      | Reached skill level 1 in Armour
   214 | D:1      | Reached skill level 2 in Dodging
   214 | D:1      | Reached XP level 2. HP: 23/24 MP: 3/3
   221 | D:1      | Learned a level 2 spell: Blink
   224 | D:1      | Learned a level 2 spell: Shroud of Golubria
   363 | D:1      | Reached skill level 1 in Stealth
   542 | D:1      | Reached XP level 3. HP: 25/29 MP: 4/4
   797 | D:2      | Found a blossoming altar of Fedhas.
   865 | D:2      | Reached skill level 3 in Unarmed Combat
  1579 | D:3      | Noticed Grinder
  1585 | D:2      | Paralysed by Grinder for 4 turns
  1604 | D:2      | Paralysed by Grinder for 6 turns
  1606 | D:2      | HP: 6/29 [Grinder (8)]
  1608 | D:2      | HP: 1/29 [Grinder (5)]
  1611 | D:2      | Slain by Grinder

Skill      XL: |  1  2  3 |
---------------+----------+-----
Throwing       | 1 |  1.0
Armour         | 1 |  1.0
Dodging        | 2 |  2.0
Stealth        | 1 |  1.5
Unarmed Combat | 3 |  3.2
Fighting       | |  2.1
Shields        | |  0.4
Spellcasting   | |  1.7
Charms         | |  0.6
Translocations | |  2.9

Action                   || total
-------------------------++-------
Melee: Unarmed           ||    96
Throw: Stone             ||    15
       Tomahawk          ||     3
 Cast: Shroud of Golubri ||     1
  Eat: Chunk             ||    20
Armor: Leather armour    ||    25
Dodge: Dodged            ||    59

Levels and vault maps discovered:
D:1:      minmay_arrival_hallway, layout_loops_ring, minmay_misc_feat_chi
D:2:      layout_basic, grunt_ministairs_8, fedhas_ov_isle_minmay
D:3:      layout_rooms, first_ration, minmay_misc_feat_cross, uniq_grinder,
          uniq_natasha

Table legend:
 A = Turns spent in this place as a percentage of turns spent in the entire game.
 B = Non-inter-level travel turns spent in this place as a percentage of non-inter-level travel turns spent in the entire game.
 C = Inter-level travel turns spent in this place as a percentage of turns spent in this place.
 D = Turns resting spent in this place as a percentage of non-inter-level travel turns spent in this place.
 E = Turns spent auto-exploring this place as a percentage of non-inter-level travel turns spent in this place.
 F = Non-inter-level travel turns spent in this place divided by the number of levels of this place that you've seen.
                   A       B       C       D       E      F
               +-------+-------+-------+-------+-------+----------------------
         Total | 100.0 | 100.0 |   1.7 |   4.4 |  74.7 | 527.7
       Dungeon | 100.0 | 100.0 |   1.7 |   4.4 |  74.7 | 527.7
               +-------+-------+-------+-------+-------+----------------------

Table legend:
 A = Kills in this place as a percentage of kills in entire the game.
 B = Kills by you in this place as a percentage of kills by you in the entire game.
 C = Kills by friends in this place as a percentage of kills by friends in the entire game.
 D = Other kills in this place as a percentage of other kills in the entire game.
 E = Experience gained in this place as a percentage of experience gained in the entire game.
 F = Experience gained in this place divided by the number of levels of this place that you have seen.
                   A       B       C       D       E      F
               +-------+-------+-------+-------+-------+----------------------
         Total | 100.0 | 100.0 |   N/A |   N/A | 100.0 |  24.3
       Dungeon | 100.0 | 100.0 |   N/A |   N/A | 100.0 |  24.3
               +-------+-------+-------+-------+-------+----------------------
